 Dungeon Crawl Stone Soup version 0.27.0-1-g7a089689b8 (webtiles) character file.

Game seed: 4251732208309487466

40 Smaepdii the Cudgeller (level 3, 0/23 HPs)
             Began as a Gargoyle Fighter on Aug 6, 2021.
             Was a Follower of Yredelemnul.
             Slain by a goblin (20 damage)
             ... on level 1 of the Dungeon.
             The game lasted 00:04:23 (1184 turns).

Smaepdii the Cudgeller (Gargoyle Fighter)           Turns: 1184, Time: 00:04:24

Health: 0/23       AC: 10    Str: 19    XL:     3   Next: 50%
Magic:  3/3        EV:  9    Int:  8    God:    Yredelemnul [*.....]
Gold:   15         SH:  0    Dex: 10    Spells: 2/2 levels left

rFire    . . .     SeeInvis .   a - +0 flail
rCold    . . .     Faith    .   (no shield)
rNeg     + . .     Spirit   .   b - +0 scale mail
rPois    ∞         Reflect  .   (no helmet)
rElec    +         Harm     .   (no cloak)
rCorr    .         Rampage  .   (no gloves)
Will     .....                  (no boots)
Stlth    ..........             (no amulet)
HPRegen  0.07/turn              (no ring)
MPRegen  0.08/turn              (no ring)

@: no status effects
A: sickness immunity, AC +3, negative energy resistance 1, electricity
resistance, torment resistance 1, petrification resistance
a: Renounce Religion, Animate Remains


You were on level 1 of the Dungeon.
You worshipped Yredelemnul.
Yredelemnul was aware of your devotion.
You visited 1 branch of the dungeon, and saw 1 of its levels.

You collected 15 gold pieces.

Inventory:

Hand Weapons
 a - a +0 flail (weapon)
Armour
 b - a +0 scale mail (worn)
 c - a +0 kite shield
Scrolls
 f - a scroll of identify {unknown}
Potions
 d - a potion of might
 e - a potion of flight {unknown}


   Skills:
 - Level 3.2 Fighting
 * Level 3.8 Maces & Flails
 - Level 3.2 Armour
 - Level 3.2 Shields


You had 2 spell levels left.
You didn't know any spells.
Your spell library was empty.

Dungeon Overview and Level Annotations

Branches:
Dungeon (1/15)

Altars:
Yredelemnul

Shops:
D:1 :


Innate Abilities, Weirdness & Mutations

You are immune to sickness and miasma.
Your stone body is resilient. (AC +3)
You are immune to poison.
You resist negative energy. (rN+)
You are resistant to electric shocks. (rElec)
You are resistant to unholy torment.
You are immune to petrification.


Message History

The bat hits you but does no damage.
You hit the bat.
You kill the bat!
Yredelemnul accepts your kill.
A hobgoblin comes into view.
The hobgoblin shouts!
You hear an angry hiss.
The hobgoblin moves out of view.
A hobgoblin is nearby!
The hobgoblin closely misses you.
A frilled lizard comes into view.
You sock the hobgoblin!
You kill the hobgoblin!
Yredelemnul accepts your kill.
A hobgoblin comes into view.
The hobgoblin shouts!
You hear a shout!
The frilled lizard barely misses you.
You hit the frilled lizard.
You kill the frilled lizard!
Yredelemnul accepts your kill.
You see here a frilled lizard corpse.
The hobgoblin hits you.
You sock the hobgoblin!
You kill the hobgoblin!
Yredelemnul accepts your kill.
A kobold comes into view. It is wielding a +0 club.
The kobold shouts!
Found 4 gold pieces.
A kobold is nearby!
A goblin comes into view.
It is wielding a +1 dagger of distortion.
The goblin shouts!
A rat comes into view.
You sock the kobold!
You kill the kobold!
Yredelemnul accepts your kill.
You closely miss the goblin.
The goblin hits you with a +1 dagger of distortion.
Space warps horribly around you!!
Ouch! That really hurt!
You die...
Your body rises from the dead as a mindless zombie.

.P..#.####.#.#
#..# #.#
#####........#
#..#
#.#########
######.### #..#
#..........
###.# #..#
###########
#### #...# #..#
...# #.### #..#
##.#
#.#######..#
##.#
##.##.......###
##.#
#......†..@...#
# ##.#
#..##.#####g#.#
# .#.####..##.#
#r# #
.........##.#
#..
.#..†.......#
###.
.############
.. .# ## .# .#


You could see a goblin and a rat.

Vanquished Creatures
  A gnoll (D:1)
  2 ball pythons (D:1)
  2 bats (D:1)
  An endoplasm (D:1)
  A goblin (D:1)
  4 hobgoblins (D:1)
  4 jackals (D:1)
  2 quokkas (D:1)
  2 frilled lizards (D:1)
  6 kobolds (D:1)
25 creatures vanquished.

Vanquished Creatures (others)
  2 withered plants (D:1)
2 creatures vanquished.

Grand Total: 27 creatures vanquished

Notes
Turn   | Place    | Note
-------+----------+-------------------------------------------
     0 | D:1      | Smaepdii the Gargoyle Fighter began the quest for the Orb.
     0 | D:1      | Reached XP level 1. HP: 14/14 MP: 1/1
   281 | D:1      | Reached XP level 2. HP: 15/19 MP: 2/2
   497 | D:1      | Found a faded altar of an unknown god.
   510 | D:1      | Became a worshipper of Yredelemnul the Dark
   510 | D:1      | Reached * piety under Yredelemnul
   660 | D:1      | Found Talil's Book Shop.
   750 | D:1      | Reached XP level 3. HP: 4/23 MP: 3/3
  1184 | D:1      | Slain by a goblin

Illustrated notes

Levels and vault maps discovered:
D:1:      tarquinn_simple_flora_water_c, layout_loops_ring, serial_shops, shop,
          ebering_ecumenical_altar_petrified

Skill      XL: |  1  2 |
---------------+-------+-----
Maces & Flails | 3 |  3.8
Fighting       | |  3.2
Armour         | |  3.2
Shields        | |  3.2

Action                   || total
-------------------------++-------
Melee: Flail             ||    84
Armor: Scale mail        ||    43
Dodge: Dodged            ||    62
